Map: Newkirk Precinct TE (Void)

Players

Fropez

  • Race: Protoss Protoss
  • League: Gold
  • Spawn Location: 5:00

Shane - Winner!

  • Race: Zerg Zerg
  • League: Gold
  • Spawn Location: 7:00

VOD

Have the link to the VOD?

Description

Time

  • Played on: Nov. 27, 2016, 11:16 a.m.
  • Length: 15:32
Show
View Real Time Build Order
Export as new Build Order

Fropez Protoss 

Build Orders: 1 Gate Expand 

Get SALT Encoding   

  12  0:01  Probe (Chrono Boost)  
  13  0:11  Probe (Chrono Boost)  
  14  0:22  Pylon, Probe (Chrono Boost)  
  15  0:28  Assimilator  
  15  0:40  Probe (Chrono Boost)  
  16  0:46  Gateway  
  16  0:51  Probe (Chrono Boost)  
  17  0:57  Assimilator  
  17  1:02  Probe (Chrono Boost)  
  18  1:13  Probe (Chrono Boost)  
  19  1:32  Nexus  
  19  1:48  Zealot (Chrono Boost)  
  21  1:57  Pylon, Probe  
  22  2:07  Cybernetics Core  
  22  2:09  Probe  
  23  2:17  Zealot (Chrono Boost)  
  25  2:27  Probe  
  25  2:36  Gateway  
  25  2:39  Probe  
  26  2:46  Pylon, Warp Gate (Chrono Boost)  
  26  2:52  Mothership Core  
  28  2:59  Probe  
  29  3:10  Stalker  
  29  3:11  Probe  
  32  3:23  Probe  
  32  3:25  Probe  
  34  3:31  Stalker  
  36  3:35  Probe  
  37  3:44  Probe  
  38  3:50  Probe  
  39  3:56  Probe  
  39  4:01  Probe, Gateway  
  41  4:04  Pylon  
  41  4:08  Probe  
  41  4:09  Assimilator, Gateway  
  42  4:18  Probe, Gateway  
  42  4:23  Pylon  
  43  4:25  Probe  
  43  4:29  Probe  
  45  4:41  Assimilator  
  45  4:50  Pylon  
  45  4:54  Probe  
  45  4:55  Probe  
  45  4:58  Sentry x2  
  51  5:00  Gateway  
  51  5:01  Gateway  
  51  5:05  Probe  
  52  5:08  Probe  
  53  5:17  Forge  
  53  5:24  Probe  
  53  5:27  Probe  
  53  5:28  Robotics Facility  
  55  5:30  Robotics Facility  
  55  5:35  Stalker  
  57  5:36  Probe  
  57  5:40  Probe  
  57  5:41  Stalker  
  61  5:49  Probe  
  62  5:51  Probe  
  62  5:56  Stalker  
  63  5:57  Stalker  
  63  6:01  Probe  
  63  6:02  Probe  
  67  6:05  Pylon  
  67  6:09  Adept, Pylon  
  69  6:24  Stalker  
  69  6:25  Stalker x3  
  77  6:46  Adept x3, Probe  
  83  6:47  Probe  
  85  7:08  Immortal x2  
  93  7:10  Probe  
  94  7:22  Pylon  
  94  7:23  Nexus  
  94  7:27  Protoss Ground Weapons Level 1 (Chrono Boost)  
  94  7:31  Pylon  
  94  7:32  Pylon  
  94  7:38  Probe  
  94  7:40  Probe  
  96  7:52  Pylon, Probe  
  97  7:58  Pylon  
  97  7:59  Stalker x6  
  109  8:17  Probe  
  109  8:19  Probe  
  111  8:23  Warp Prism  
  111  8:24  Observer  
  114  8:36  Gateway  
  114  8:38  Gateway  
  114  8:43  Stalker x4  
  114  8:44  Stalker  
  118  9:17  Stalker x6  
  118  9:18  Stalker  
  118  9:21  Mothership Core  
  122  9:48  Probe x2  
  122  9:49  Probe  
  125  9:55  Adept x2  
  125  9:56  Adept x3  
  125  9:57  Adept x2  
  125  10:22  Probe, Immortal x2  
  125  10:24  Probe  
  135  10:31  Assimilator  
  135  10:34  Assimilator  
  135  10:37  Probe  
  135  10:39  Probe  
  135  10:42  Stalker x3  
  143  10:43  Stalker x3  
  149  10:51  Pylon  
  149  10:53  Pylon  
  149  11:06  Twilight Council, Protoss Ground Armor Level 1 (Chrono Boost)  
  149  11:07  Probe x2  
  149  11:09  Forge  
  149  11:10  Immortal x2  
  110  11:42  Stalker x4  
  110  11:43  Stalker x4  
  110  11:44  Stalker  
  128  11:49  Immortal  
  132  11:58  Probe  
  132  11:59  Probe  
  134  12:22  Protoss Ground Weapons Level 2 (Chrono Boost)  
  134  12:34  Blink  
  134  12:47  Pylon  
  134  12:48  Pylon  
  134  12:50  Pylon  
  134  12:56  Nexus  
  140  13:05  Immortal  
  140  13:06  Mothership Core  
  140  13:07  Stalker x3  
  146  13:31  Pylon, Probe  
  146  13:32  Probe  
  148  13:36  Pylon  
  126  14:31  Stalker x4  
  96  14:48  Photon Cannon  
  93  14:57  Photon Cannon  
  87  15:13  Probe  
  83  15:14  Probe  
  83  15:18  Stalker x3  
  83  15:19  Stalker  
Show
View Real Time Build Order
Export as new Build Order

Shane Zerg - Winner!

Build Orders: Hatch First, Lurkers 

Get SALT Encoding   

  12  0:01  Drone  
  13  0:09  Drone  
  14  0:16  Extractor  
  14  0:20  Extractor  
  13  0:21  Drone  
  13  0:23  Drone  
  16  0:47  Hatchery  
  15  1:01  Spawning Pool  
  14  1:08  Overlord  
  14  1:16  Extractor  
  13  1:19  Extractor  
  13  1:20  Drone x2  
  15  1:28  Drone  
  16  1:44  Drone x2  
  18  1:53  Queen  
  20  1:54  Zergling x2  
  20  2:00  Zergling x2  
  22  2:02  Queen  
  24  2:09  Extractor  
  24  2:12  Overlord  
  23  2:43  Drone x3  
  26  2:47  Roach Warren  
  26  2:48  Lair  
  25  2:52  Drone  
  26  3:06  Drone x4  
  30  3:16  Overlord  
  30  3:21  Drone x2  
  33  3:34  Drone x4  
  36  3:45  Evolution Chamber  
  36  3:47  Evolution Chamber  
  34  3:50  Drone x2  
  36  4:03  Extractor  
  36  4:05  Extractor  
  36  4:08  Drone x2  
  36  4:11  Overlord x2  
  36  4:25  Glial Reconstitution, Hydralisk Den  
  35  4:45  Spore Crawler  
  35  4:47  Roach  
  35  4:48  Roach x7  
  50  4:57  Drone  
  50  4:58  Drone  
  52  5:01  Overseer  
  52  5:05  Grooved Spines  
  52  5:08  Overlord  
  52  5:17  Spore Crawler  
  51  5:25  Drone  
  52  5:29  Drone x5  
  57  5:36  Overlord  
  57  5:37  Overlord  
  56  6:02  Zerg Missile Weapons Level 1  
  56  6:08  Hydralisk x2  
  56  6:09  Hydralisk x4  
  68  6:24  Spine Crawler  
  68  6:25  Spine Crawler  
  66  6:27  Overlord x2  
  66  6:50  Roach x6  
  78  7:09  Drone  
  78  7:12  Hydralisk x2  
  78  7:15  Overlord x3  
  83  7:28  Zerg Ground Armor Level 1  
  83  7:32  Muscular Augments  
  83  7:36  Overseer  
  83  7:41  Hydralisk  
  83  7:42  Hydralisk  
  87  7:49  Drone x2  
  89  7:55  Drone x2  
  91  8:00  Drone x2  
  91  8:04  Drone x2  
  95  8:12  Pneumatized Carapace  
  95  8:16  Overlord  
  95  8:17  Overlord  
  95  8:24  Zerg Missile Weapons Level 2  
  95  8:46  Hydralisk x6  
  99  9:40  Hydralisk x7  
  99  9:41  Hydralisk x5  
  123  9:46  Zerg Ground Armor Level 2  
  123  9:48  Overlord x2  
  123  9:49  Overlord  
  123  9:57  Lurker Den  
  116  10:30  Hydralisk  
  116  10:31  Hydralisk x5  
  128  11:08  Hatchery  
  105  11:45  Hydralisk x5  
  105  11:46  Hydralisk x7  
  105  11:47  Hydralisk x3  
  135  12:12  Lurker x3  
  135  12:13  Lurker x6  
  144  12:17  Overseer x2  
  144  12:44  Drone  
  145  13:30  Overlord x3  
  145  13:31  Overlord x4  
  145  13:37  Hatchery  
  144  13:54  Hydralisk x7  
  144  13:55  Hydralisk x6  
  116  14:35  Roach x6  
  116  14:36  Roach x3  
  120  15:00  Roach  
  120  15:01  Roach x4  
Tags
 
Add a new tag
Caveats
  • Supply blocks, unpowered buildings, or Contaminate may cause inaccurate times.
  • Supply counts are checked every 10 seconds.